 Dungeon Crawl Stone Soup version 0.30.1-11-g7821555f0a (webtiles) character file.

Game seed: 8251603582753715910

2080 SacredBeard the Scholar of Death (level 9, -4/66 HPs)
             Began as a Demonspawn Necromancer on Nov 27, 2023.
             Was a Follower of Kikubaaqudgha.
             Slain by a hound (5 damage)
             ... on level 6 of the Dungeon.
             The game lasted 00:22:43 (7495 turns).

SacredBeard the Scholar of Death (DsNe)             Turns: 7495, Time: 00:22:43

Health: -4/66      AC:  3    Str:  9    XL:     9   Next: 6%
Magic:  13/18      EV: 32    Int: 22    God:    Kikubaaqudgha [*.....]
Gold:   433        SH:  5    Dex: 18    Spells: 13/18 levels left

rFire   + + .        r - +1 sling of Socyuruh {flame, rElec rPois rF+ Dex+4}
rCold   + . .        w - +0 buckler
rNeg    . . .        q - +0 leather armour
rPois   +            (helmet restricted)
rElec   +            J - scarf {rC+ rF+}
rCorr   .            (no gloves)
SInv    .            (no boots)
Will    .....        a - amulet of the acrobat
Stlth   ++           I - ring of wizardry
HPRegen 0.00/turn    e - +5 ring of evasion
MPRegen 0.16/turn

%: acrobat, clarity, wizardry (x1)
@: acrobatic, inhibited regen, hasted, very quick
A: antennae 1, ignite blood 1, sturdy frame 3, clarity, clever 1, high MP 1,
inhibited regeneration
a: Renounce Religion, Unearth Wretches


You were on level 6 of the Dungeon.
You worshipped Kikubaaqudgha.
Kikubaaqudgha was aware of your devotion.
You visited 2 branches of the dungeon, and saw 7 of its levels.

You collected 433 gold pieces.

Inventory:

Hand Weapons
 g - a +0 spear
 r - the +1 sling of Socyuruh (weapon) {flame, rElec rPois rF+ Dex+4}
   (You found it on level 3 of the Dungeon)

   Dex:       It affects your dexterity (+4).
   rF:        It protects you from fire.
   rElec:     It insulates you from electricity.
   rPois:     It protects you from poison.
 C - a +1 heavy falchion
 K - a +3 heavy trident
 O - a +2 dagger of venom
Missiles
 d - 72 stones
 E - a curare-tipped dart
 G - 2 throwing nets
 H - 5 boomerangs
Armour
 q - a +0 leather armour (worn)
 w - a +0 buckler (worn)
 J - a scarf of resistance (worn)
 L - a +0 ring mail of willpower
Jewellery
 a - an amulet of the acrobat (around neck)
 e - a +5 ring of evasion (right hand)
 h - a +6 ring of strength
 l - a ring of willpower
 x - a ring of protection from cold
 I - a ring of wizardry (left hand)
 P - a ring of wizardry
Wands
 v - a wand of flame (17)
Scrolls
 f - 5 scrolls of identify {unknown}
 i - 4 scrolls of noise {unknown}
 k - a scroll of fear {unknown}
 m - 5 scrolls of enchant armour {unknown}
 n - 3 scrolls of magic mapping {unknown}
 t - 2 scrolls of enchant weapon {unknown}
 y - a scroll of amnesia {unknown}
 B - 3 scrolls of teleportation {unknown}
 F - 2 scrolls of immolation {unknown}
 N - a scroll of summoning
Potions
 b - a potion of magic
 c - 2 potions of curing
 j - a potion of berserk rage {unknown}
 o - a potion of invisibility {unknown}
 p - a potion of heal wounds {unknown}
 s - 2 potions of mutation
 u - 2 potions of haste
 z - a potion of brilliance {unknown}
 A - 3 potions of attraction {unknown}
 D - a potion of ambrosia {unknown}
 M - a potion of resistance {unknown}


   Skills:
 - Level 4.5 Fighting
 - Level 3.0 Throwing
 - Level 2.0 Armour
 - Level 2.0 Dodging
 - Level 3.0 Stealth
 - Level 2.0 Shields
 - Level 5.0 Spellcasting
 + Level 5.4 Summonings
 - Level 7.0 Necromancy
 - Level 2.0 Evocations


You had 13 spell levels left.
You knew the following spells:

 Your Spells              Type           Power      Damage    Failure   Level
a - Necrotise             Necr           100%       1d9       1%          1
b - Animate Dead          Necr           36%        N/A       3%          4

Your spell library contained the following spells:

 Spells                   Type           Power      Damage    Failure   Level
 Kiss of Death            Conj/Necr      80%        2d11      1%          1
 Sublimation of Blood     Necr           36%        N/A       1%          2
 Vampiric Draining        Necr           36%        2d8       1%          3
 Beastly Appendage        Tmut           10%        N/A       6%          1
 Sandblast                Erth           10%        2d5       6%          1
 Ensorcelled Hibernation  Hex/Ice        10%        N/A       9%          2
 Passwall                 Tmut/Erth      4%         N/A       9%          2
 Wereblood                Tmut           5%         N/A       9%          2
 Agony                    Necr           36%        N/A       10%         5
 Anguish                  Hex/Necr       10%        N/A       14%         4
 Gell's Gravitas          Tloc           5%         N/A       17%         3
 Spider Form              Tmut/Pois      5%         N/A       17%         3
 Stone Arrow              Conj/Erth      10%        3d7       17%         3
 Teleport Other           Tloc           5%         N/A       17%         3
 Summon Hydra             Summ           14%        N/A       99%         7
 Dispersal                Tloc           2%         N/A       100%        6


Dungeon Overview and Level Annotations

Branches:
Dungeon (6/15) Zot: 25422  Temple (1/1) D:6 Zot: 5728

Altars:
Ashenzari
Cheibriados
Dithmenos
Fedhas
Gozag
Hepliaklqana
Kikubaaqudgha
Makhleb
Nemelex Xobeh
Okawaru
Qazlal
Ru
Sif Muna
Trog
Vehumet
Wu Jian
Xom
Yredelemnul

Shops:
D:1 !   D:4 *


Innate Abilities, Weirdness & Mutations

You have a pair of small antennae on your head.
Your demonic aura sometimes causes spilled blood to erupt in flames.
Your movements are significantly less encumbered by armour. (ER -6)
You possess an exceptional clarity of mind.
Your mind is acute. (Int +4, Str/Dex -1)
You have an increased reservoir of magic. (+10% MP)
You do not regenerate when monsters are visible.


Message History

The gnoll bouda is healed somewhat.
The hound completely misses you. The hound attacks as you move away!
You block the hound's attack.
The orc priest invokes the aid of Beogh against you.
Beogh smites you!
* * * LOW HITPOINT WARNING * * *
The hound completely misses you.
The gnoll sergeant completely misses you.
The hound misses you.
The gnoll bouda gazes fiercely through you!
You feel your attacks grow feeble. The hound attacks as you move away!
The hound completely misses you. The hound attacks as you move away!
The hound completely misses you.
The orc priest miscasts a cantrip.
The hound bites you.
* * * LOW HITPOINT WARNING * * *
The gnoll sergeant misses you.
Things that are here:
a +0 leather armour; a +0 dagger The hound bites you.
* * * LOW HITPOINT WARNING * * *
You see here a +0 spear.
The gnoll sergeant completely misses you.
Things that are here:
a +0 flail; a +0 dagger Unknown command.
The hound attacks as you move away! The hound misses you.
Your attacks no longer feel as feeble.
The gnoll sergeant is no longer moving quickly.
The gnoll bouda barks out a call to the hunt!
The gnoll sergeant picks up the pace!
The hound completely misses you.
There is an open door, spattered with blood here.
Things that are here:
a +0 spear; a +0 giant club You feel yourself speed up.
The hound closely misses you. You block the gnoll sergeant's attack.
The orc priest looks encouraged for a moment.
The hound attacks as you move away! The hound bites you.
You die...
Kikubaaqudgha rasps: "You have failed me!
Welcome... death!"

#####............
##.........)...... ....
#....P.P.)....♣.♣P....P
......♣........♣.....♣
..P♣...♣....♣♣♣♣...♣
........#'''############
..♣.♣♣♣.#...#..........# .
..♣#####.>.#..........# ..♣
#...#.@.#..........# ....
#...#.h.#.....)....# .
..♣P.#...#)########''####...
.....#...)))g[o.........'...
.....#...')...g.........'...
############################


You could see a hound.

Vanquished Creatures
  An ice beast (D:5)
  2 ogres (D:6)
  3 centaurs
  A phantom (D:6)
  2 kobold brigands
  A gnoll sergeant (D:6)
  4 scorpions
  A howler monkey (D:6)
  5 jellies
  4 crimson imps (D:4)
  6 hounds
  An orc priest (D:6)
  5 iguanas
  Terence (D:3)
  9 gnolls
  9 adders
  An ufetubus (D:5)
  4 worms
  3 dart slugs
  An orc (D:5)
  3 ball pythons
  11 endoplasms
  5 giant cockroaches
  7 goblins
  11 hobgoblins
  5 jackals
  4 quokkas
  3 bats
  16 kobolds
  4 rats
133 creatures vanquished.

Vanquished Creatures (collateral kills)
  An ogre (D:6)
  2 gnolls
  A ball python (D:4)
  An endoplasm (D:2)
  A hobgoblin (D:6)
  2 kobolds
8 creatures vanquished.

Grand Total: 141 creatures vanquished

Notes
Turn   | Place    | Note
-------+----------+-------------------------------------------
     0 | D:1      | SacredBeard the Demonspawn Necromancer began the quest for
                  | the Orb.
     0 | D:1      | Reached XP level 1. HP: 13/13 MP: 3/3
   175 | D:1      | Gained mutation: Your movements are slightly less
                  | encumbered by armour. (ER -2) [demonic ancestry]
   175 | D:1      | Reached XP level 2. HP: 19/19 MP: 0/5
   777 | D:1      | Found Enyri's Distillery.
   929 | D:2      | Gained mutation: Your movements are less encumbered by
                  | armour. (ER -4) [demonic ancestry]
   929 | D:2      | Reached XP level 3. HP: 25/25 MP: 2/6
  1027 | D:2      | Reached skill level 1 in Evocations
  1056 | D:2      | Reached skill level 1 in Throwing
  1056 | D:2      | Reached skill level 1 in Armour
  1268 | D:2      | Reached skill level 1 in Fighting
  1386 | D:2      | Gained mutation: You have a pair of small antennae on your
                  | head. [demonic ancestry]
  1386 | D:2      | Reached XP level 4. HP: 32/32 MP: 3/7
  1660 | D:3      | Identified the +1 sling of Socyuruh {flame, rElec rPois rF+
                  | Dex+4}
  1928 | D:3      | Found an iron altar of Okawaru.
  2214 | D:3      | Noticed Terence
  2223 | D:3      | Killed Terence
  2224 | D:3      | Reached XP level 5. HP: 23/37 MP: 8/8
  2582 | D:4      | Found Pidwoam's Fire Supplies.
  2764 | D:4      | Reached skill level 5 in Necromancy
  3032 | D:4      | Reached XP level 6. HP: 44/44 MP: 2/9
  3298 | D:4      | Found a shimmering altar of Xom.
  3375 | D:4      | Reached skill level 1 in Shields
  4347 | D:5      | Entered Level 5 of the Dungeon
  4463 | D:5      | Gained mutation: You occasionally shout uncontrollably at
                  | your foes. [potion of mutation]
  4463 | D:5      | Gained mutation: You have large cloven feet. [potion of
                  | mutation]
  4463 | D:5      | Gained mutation: You are dopey. (Int -2) [potion of
                  | mutation]
  4470 | D:5      | Gained mutation: Your demonic aura sometimes causes spilled
                  | blood to erupt in flames. [demonic ancestry]
  4470 | D:5      | Reached XP level 7. HP: 8/51 MP: 2/10
  4735 | D:5      | Reached skill level 6 in Necromancy
  5219 | D:5      | Reached skill level 7 in Necromancy
  5656 | D:5      | Lost mutation: You occasionally shout uncontrollably at
                  | your foes. [potion of mutation]
  5656 | D:5      | Lost mutation: You are dopey. (Int -2) [potion of mutation]
  5656 | D:5      | Lost mutation: You have large cloven feet. [potion of
                  | mutation]
  5656 | D:5      | Gained mutation: You do not regenerate when monsters are
                  | visible. [potion of mutation]
  5656 | D:5      | Gained mutation: You possess an exceptional clarity of
                  | mind. [potion of mutation]
  5656 | D:5      | Gained mutation: Your mind is acute. (Int +4, Str/Dex -1)
                  | [potion of mutation]
  5656 | D:5      | Gained mutation: You have an increased reservoir of magic.
                  | (+10% MP) [potion of mutation]
  5680 | D:6      | Learned a level 4 spell: Animate Dead
  5687 | D:6      | Gained mutation: Your movements are significantly less
                  | encumbered by armour. (ER -6) [demonic ancestry]
  5687 | D:6      | Reached XP level 8. HP: 39/61 MP: 12/12
  5696 | D:6      | Reached skill level 1 in Summonings
  5947 | D:6      | Found a staircase to the Ecumenical Temple.
  5974 | Temple   | Entered the Ecumenical Temple
  6199 | Temple   | Became a worshipper of Kikubaaqudgha
  6530 | D:6      | Found a shimmering blue altar of Sif Muna.
  6694 | D:6      | Reached skill level 5 in Spellcasting
  7110 | D:6      | Reached skill level 5 in Summonings
  7110 | D:6      | Reached XP level 9. HP: 57/66 MP: 6/18
  7390 | D:6      | Reached * piety under Kikubaaqudgha
  7390 | D:6      | Received a gift from Kikubaaqudgha
  7489 | D:6      | HP: 1/66 [hound (4)]
  7495 | D:6      | Slain by a hound

Illustrated notes

Levels and vault maps discovered:
D:1:      roderic_chinese_lattice_arrival, layout_basic, serial_shops, shop
D:2:      layout_rooms, chequers_serial_rivers_micro_a
D:3:      layout_loops_ring, kennysheep_okawaru_gauntlet, uniq_terence
D:4:      minmay_wonky_spiral, layout_basic, led_xom_imps,
          nicolae_shop_fire_sale [nicolae_sub_dead_trees], glass_columns_b,
          minmay_vboxes
D:5:      layout_gridville, mainiacjoe_overflow_24_doors, serial_glass,
          glass_columns_a, glass_columns_c, glass_columns_a, glass_columns_a,
          glass_columns_a, glass_columns_c, glass_columns_a, glass_columns_c,
          serial_bayou_pond_c
D:6:      kennysheep_housing_project, layout_basic,
          mainiacjoe_overflow_brackets, minmay_temple_entry_antechambers
Temple:   minmay_crystal_spiral_temple

Skill      XL: |  1  2  3  4  5  6  7  8 |
---------------+-------------------------+-----
Stealth        | 2 3 |  3.0
Dodging        | 2 |  2.0
Evocations     | 1 2 |  2.0
Throwing       | 1 2 3 |  3.0
Armour         | 1 2 |  2.0
Fighting       | 1 2 4 |  4.5
Necromancy     | 5 7 |  7.0
Shields        | 1 2 |  2.0
Summonings     | 5 |  5.4
Spellcasting   | 5 |  5.0

Action                     |  1- 3 |  4- 6 |  7- 9 || total
---------------------------+-------+-------+-------++-------
  Melee: Dagger            |     6 |       |       ||     6
         Short sword       |    19 |       |       ||    19
         Punch             |     1 |       |       ||     1
         Spear             |       |    22 |       ||    22
         Sling             |       |     5 |       ||     5
         Falchion          |       |     3 |       ||     3
   Fire: Sling             |       |   306 |   108 ||   414
  Throw: Stone             |     1 |       |       ||     1
   Cast: Necrotise         |    67 |    36 |   152 ||   255
    Use: Potion            |       |     2 |     2 ||     4
   Stab: Sleeping          |       |     1 |       ||     1
 Armour: Robe              |     2 |       |       ||     2
         Leather armour    |     3 |    20 |    11 ||    34
  Dodge: Dodged            |    33 |   189 |   142 ||   364
  Block: Buckler           |       |    52 |    43 ||    95
